 Dungeon Crawl Stone Soup version 0.26-a0-597-gb535b0901c (webtiles) character file.

Game seed: 7969384355076720585

2080 Flugslaktarn the Cleaver (level 9, -8/86 HPs)
             Began as a Deep Dwarf Monk on Sept 14, 2020.
             Was a Believer of Makhleb.
             Mangled by a reaper
             ... wielding a +2 vampiric scythe
              (22 damage)
             ... on level 2 of the Abyss.
             The game lasted 00:04:06 (4702 turns).

Flugslaktarn the Cleaver (Deep Dwarf Monk)          Turns: 4702, Time: 00:04:07

Health: -8/86      AC: 13    Str: 17    XL:     9   Next: 6%
Magic:  2/2        EV:  7    Int: 12    God:    Makhleb [**....]
Gold:   480        SH:  0    Dex: 15    Spells: 8/8 levels left

rFire    . . .     SeeInvis .   s - +7 war axe (elec)
rCold    . . .     Faith    .   (no shield)
rNeg     . . .     Spirit   .   k - +0 plate armour
rPois    .         Reflect  .   (no helmet)
rElec    .         Harm     .   (no cloak)
rCorr    .                      e - +0 pair of gloves (curse)
MR       +....                  (no boots)
Stlth    ..........             (no amulet)
HPRegen  0.00/turn              (no ring)
MPRegen  0.08/turn              (no ring)

@: about to teleport, non-regenerating
A: damage resistance, heal wounds, sense surroundings 2, no regeneration
a: Heal Wounds, Minor Destruction, Renounce Religion


You were on level 2 of the Abyss.
You worshipped Makhleb.
Makhleb was pleased with you.
You visited 1 branch of the dungeon, and saw 7 of its levels.
You visited the Abyss 1 time.

You collected 480 gold pieces.

Inventory:

Hand Weapons
 s - a +7 war axe of electrocution (weapon)
   (You took it off an orc on level 5 of the Dungeon)
Armour
 e - a cursed +0 pair of gloves (worn)
   (You found it on level 6 of the Dungeon)
 k - a +0 plate armour (worn)
   (You took it off an orc warrior on level 6 of the Dungeon)
Jewellery
 l - an uncursed ring of resist corrosion {unknown}
   (You found it on level 7 of the Dungeon)
Wands
 b - a wand of disintegration (16)
   (You found it on level 5 of the Dungeon)
Scrolls
 c - 2 scrolls of immolation
 g - a scroll of enchant weapon
 j - 4 scrolls of fear
 m - 2 scrolls of enchant armour {unknown}
 r - 5 scrolls of identify
 t - 3 scrolls of teleportation
 x - 4 scrolls of remove curse
Potions
 a - a potion of magic {unknown}
 d - 2 potions of might
 f - a potion of cancellation
 h - a potion of haste
 i - a potion of brilliance
 o - a potion of lignification
 q - 3 potions of curing
 w - 3 potions of heal wounds


   Skills:
 * Level 7.3 Fighting
 * Level 8.9 Axes
 + Level 5.5 Armour
 + Level 3.4 Dodging
 - Level 2.4 Stealth
 * Level 1.2 Invocations


You had 8 spell levels left.
You didn't know any spells.
Your spell library was empty.

Dungeon Overview and Level Annotations

Branches:
Dungeon (7/15)
 Temple: D:4-7

Altars:
Gozag
Makhleb
Sif Muna
Uskayaw
Yredelemnul
The Shining One

Annotations:
D:3 4 runed translucent doors, Alarkh's ghost, amateur DsGl; Crazy Yiuf
D:5 exclusion: door
D:7 Maggie


Innate Abilities, Weirdness & Mutations

You are resistant to damage.
You can heal yourself by infusing magical energy.
You passively map the area around you.
You do not regenerate.


Message History

You have reached level 9!
Your experience leads to an increase in your attributes!
Increase (s)trength, (i)ntelligence, or (d)exterity?
You feel stronger.
Your attunement to dungeon structure grows.
You see here 16 arrows.
A reaper comes into view. It is wielding a +2 vampiric scythe.
The reaper hits you with a +2 vampiric scythe!!!
* * * LOW HITPOINT WARNING * * *
A reaper is nearby!
Your magical essence is drained by the effort!
You feel much better.
As you read the scroll of teleportation, it crumbles to dust.
You feel strangely unstable.
You feel the power of the Abyss delaying your translocation!
The reaper hits you with a +2 vampiric scythe!!!
Ouch! That really hurt!
* * * LOW HITPOINT WARNING * * *
The reaper hits you from afar with a +2 vampiric scythe!!
You die...

..# ... #
. # #.#.
.#..## .
## #. #
#. #####
#.#.
..####
..#..## #
#.. #
####.###
##..# #..
#####...
# .
#.#.#.# .
###.#@.2#
#
##.#.#.#
###..##..
#
#######..
. #§##.#
##. . ..#
. . § # .


You could see a reaper.

Vanquished Creatures
  Pikel (D:4)
  A ynoxinul (Abyss:2)
  An ice beast (D:6)
  2 orc warriors
  A sky beast (D:5)
  2 ogres
  A big kobold (D:5)
  A scorpion (D:6)
  2 howler monkeys
  A jelly (D:6)
  A centaur skeleton (D:5)
  3 hounds
  2 orc priests (D:5)
  Ijyb (D:3)
  Jessica (D:2)
  Natasha (thrice) (D:4)
  5 orc wizards
  2 worker ants
  A hound zombie (D:5)
  A gnoll (D:1)
  11 adders
  A shadow imp (D:5)
  A white imp (D:4)
  An ooze (D:1)
  A worm (D:3)
  3 leopard geckos
  14 orcs
  A ball python (D:3)
  4 giant cockroaches
  7 goblins
  11 hobgoblins
  17 jackals
  8 kobolds
  5 quokkas
  10 bats
  5 frilled lizards
  A jackal skeleton (D:6)
  9 rats
143 creatures vanquished.

Vanquished Creatures (others)
  6 toadstools (D:5)
6 creatures vanquished.

Grand Total: 149 creatures vanquished

Notes
Turn   | Place    | Note
-------+----------+-------------------------------------------
     0 | D:1      | Flugslaktarn the Deep Dwarf Monk began the quest for the
                  | Orb.
     0 | D:1      | Reached XP level 1. HP: 20/20 MP: 1/1
   125 | D:1      | Reached XP level 2. HP: 21/28 MP: 2/2
   152 | D:1      | Reached skill level 1 in Armour
   255 | D:1      | Reached XP level 3. HP: 20/34 MP: 3/3
   302 | D:1      | Reached skill level 4 in Axes
   878 | D:2      | Noticed Jessica
   890 | D:2      | Killed Jessica
   890 | D:2      | Reached XP level 4. HP: 27/42 MP: 4/4
  1351 | D:2      | Found an opulent altar of Gozag.
  1507 | D:2      | Found a hide-covered altar of Uskayaw.
  1508 | D:2      | Found a shimmering blue altar of Sif Muna.
  1682 | D:3      | Noticed Ijyb
  1711 | D:3      | Paralysed by Ijyb for 2 turns
  1716 | D:3      | Paralysed by Ijyb for 2 turns
  1725 | D:3      | Killed Ijyb
  1725 | D:3      | Reached XP level 5. HP: 30/50 MP: 5/5
  1818 | D:3      | Found a runed translucent door.
  1819 | D:3      | Noticed Crazy Yiuf
  1867 | D:3      | Found a runed translucent gate.
  1868 | D:3      | Found a runed translucent gate.
  1868 | D:3      | Found a runed translucent gate.
  1871 | D:3      | Noticed Alarkh's ghost (amateur DsGl)
  1871 | D:3      | Identified the +5 short sword "Leviticus" {drain, Dex+6}
  1973 | D:3      | Reached skill level 5 in Axes
  2335 | D:4      | Noticed Natasha
  2345 | D:4      | Killed Natasha
  2499 | D:4      | Reached XP level 6. HP: 15/58 MP: 5/5
  2517 | D:4      | Noticed Pikel
  2559 | D:4      | Killed Pikel
  2559 | D:4      | Reached skill level 5 in Fighting
  2559 | D:4      | Reached skill level 6 in Axes
  2559 | D:4      | Reached XP level 7. HP: 22/67 MP: 4/4
  2582 | D:4      | Noticed Natasha
  2757 | D:4      | Killed Natasha
  2799 | D:4      | Noticed Natasha
  2815 | D:4      | Killed Natasha
  2815 | D:4      | Reached skill level 7 in Axes
  3119 | D:5      | Entered Level 5 of the Dungeon
  3158 | D:5      | Reached XP level 8. HP: 41/76 MP: 4/4
  3229 | D:5      | Found a basalt altar of Yredelemnul.
  3465 | D:5      | Reached skill level 8 in Axes
  3740 | D:5      | Reached skill level 5 in Armour
  4600 | D:7      | Found a burning altar of Makhleb.
  4600 | D:7      | Found a glowing golden altar of the Shining One.
  4605 | D:7      | Became a worshipper of Makhleb the Destroyer
  4605 | D:7      | Reached * piety under Makhleb
  4605 | D:7      | Reached ** piety under Makhleb
  4616 | D:7      | Noticed Maggie
  4624 | D:7      | Cast into level 2 of the Abyss (Maggie)
  4668 | Abyss:2  | Noticed a wretched star
  4685 | Abyss:2  | Reached skill level 1 in Invocations
  4685 | Abyss:2  | Gained mutation: You passively map the area around you.
                  | [Deep Dwarf growth]
  4685 | Abyss:2  | Reached XP level 9. HP: 64/86 MP: 3/3
  4698 | Abyss:2  | Noticed a reaper
  4702 | Abyss:2  | Mangled by a reaper

Illustrated notes

Levels and vault maps discovered:
D:1:      dpeg_arrival_rooms_c, layout_basic, minmay_tromino_v4_b
D:2:      layout_loops_ring, grunt_gozag_breadcrumbs,
          gammafunk_temple_overflow_wave, uniq_jessica
D:3:      layout_rooms, gammafunk_ghost_nasty_kobolds, dk_vineyard_2,
          uniq_crazy_yiuf_cottage, uniq_ijyb
D:4:      layout_cave_pods, uniq_natasha, uniq_pikel
D:5:      cheibrodos_fertilizer, layout_loops_ring, yredelemnul_altar_generic,
          guppyfry_early_orc_mine
D:6:      layout_basic
D:7:      layout_basic, gammafunk_temple_overflow_statue,
          minmay_temple_entry_hall, nrook_pool_corridor, uniq_maggie,
          uniq_joseph
Abyss:2:  base:
D:3

Skill      XL: |  1  2  3  4  5  6  7  8 |
---------------+-------------------------+-----
Fighting       | 3 4 5 6 7 |  7.3
Armour         | 1 2 3 4 5 |  5.5
Axes           | 4 5 6 7 8 |  8.9
Invocations    | 1 |  1.2
Dodging        | |  3.4
Stealth        | |  2.4

Action                   |  1- 3 |  4- 6 |  7- 9 || total
-------------------------+-------+-------+-------++-------
Melee: Hand axe          |   110 |   235 |   166 ||   511
       War axe           |       |       |    64 ||    64
 Abil: Heal Wounds       |     2 |     8 |    15 ||    25
Evoke: Wand              |       |     3 |     2 ||     5
  Use: Potion            |       |       |     4 ||     4
       Scroll            |       |       |    18 ||    18
 Stab: Sleeping          |     5 |     3 |     1 ||     9
       Distracted        |       |     1 |       ||     1
Armor: Robe              |    20 |    34 |    10 ||    64
       Plate armour      |       |       |    29 ||    29
       Chain mail        |       |       |    23 ||    23
Dodge: Dodged            |    79 |   191 |   105 ||   375

Table legend: (Time is in decaauts)
 A = Elapsed time spent in this place.
 B = Non-inter-level travel time spent in this place.
 C = Inter-level travel time spent in this place.
 D = Time resting spent in this place.
 E = Time spent auto-exploring this place.
 F = Levels seen in this place.
 G = Mean time per level.
                   A        B        C        D        E       F      G
               +--------+--------+--------+--------+--------+-----+--------+
         Total |   4711 |   4519 |    192 |      4 |   3366 |   8 |  588.9 |
       Dungeon |   4633 |   4441 |    192 |      0 |   3316 |   7 |  661.9 |
         Abyss |     78 |     78 |      0 |      4 |     50 |   1 |   78.0 |
               +--------+--------+--------+--------+--------+-----+--------+

Top non-repeatable levels by time:
     D:4: 829 daAuts
     D:1: 819 daAuts
     D:2: 744 daAuts
     D:3: 738 daAuts
     D:5: 735 daAuts
     D:6: 634 daAuts
     D:7: 132 daAuts
 Abyss:2: 78 daAuts
